 Dungeon Crawl Stone Soup version 0.25-a0-865-gd392131cc7 (webtiles) character file.

Game seed: 16916923787856518616, levelgen mode: deterministic

259 Nixze the Cudgeler (level 5, -4/45 HPs)
             Began as a Minotaur Fighter on Apr 30, 2020.
             Killed by divine providence
             ... invoked by an orc priest
              (12 damage)
             ... on level 3 of the Dungeon.
             The game lasted 00:04:24 (2278 turns).

Nixze the Cudgeler (Minotaur Fighter)               Turns: 2278, Time: 00:04:24

Health: -4/45      AC: 18    Str: 22    XL:     5   Next: 94%
Magic:  4/4        EV:  6    Int:  5    God:
Gold:   75         SH: 10    Dex:  9    Spells: 4/4 levels left

rFire    + . .     SeeInvis .   y - +2 flail (protect)
rCold    . . .     Gourm    .   c - +0 kite shield
rNeg     . . .     Faith    .   l - +0 chain mail
rPois    .         Spirit   .   (helmet restricted)
rElec    .         Reflect  .   v - +0 cloak
rCorr    .         Harm     .   (no gloves)
MR       .....                  k - +0 pair of boots
Stlth    ..........             (no amulet)
HPRegen  0.15/turn              h - ring of wizardry
MPRegen  0.09/turn              q - ring of protection from fire

@: protection aura
A: retaliatory headbutt, horns 2
a: no special abilities


You were on level 3 of the Dungeon.
You were not hungry.

You visited 1 branch of the dungeon, and saw 3 of its levels.

You collected 75 gold pieces.

Inventory:

Hand Weapons
 y - a +2 flail of protection (weapon)
Missiles
 m - a throwing net (quivered)
Armour
 c - a +0 kite shield (worn)
 k - a +0 pair of boots (worn)
 l - a +0 chain mail (worn)
 v - a +0 cloak (worn)
 w - a +2 leather armour of cold resistance
Jewellery
 h - a ring of wizardry (left hand)
 q - a ring of protection from fire (right hand)
Wands
 x - a wand of digging (2)
 z - a wand of polymorph (11)
Scrolls
 a - a scroll of enchant weapon {unknown}
 j - a scroll of amnesia {unknown}
 o - a scroll of remove curse {unknown}
 p - a scroll of teleportation {unknown}
 r - a scroll of immolation {unknown}
 s - a scroll of identify {unknown}
 u - a scroll of magic mapping {unknown}
Potions
 b - 2 potions of curing {unknown}
 d - a potion of might
 e - 2 potions of haste {unknown}
 g - a potion of degeneration {unknown}
 i - a potion of flight {unknown}
 t - a potion of heal wounds {unknown}
Comestibles
 f - 3 rations
 n - 26 chunks of flesh


   Skills:
 - Level 3.6 Fighting
 * Level 6.3 Maces & Flails
 - Level 3.6 Armour
 + Level 5.4 Shields


You had 4 spell levels left.
You didn't know any spells.
Your spell library was empty.

Dungeon Overview and Level Annotations

Branches:
Dungeon (3/15)

Altars:


Innate Abilities, Weirdness & Mutations

You reflexively headbutt those who attack you in melee.
You have a pair of horns on your head.


Message History

The orc priest is heavily wounded.
The orc priest hits you with a +0 club.
You hit the orc priest but do no damage.
The orc priest is heavily wounded.
The orc priest hits you but does no damage.
Your shield and chain mail prevent you from hitting the orc priest.
Your headbutt misses the orc priest.
The orc priest is heavily wounded.
The orc priest looks satisfied for a moment.
The orc priest calls down the wrath of Beogh upon you.
Pain shoots through your body!
* * * LOW HITPOINT WARNING * * *
You hit the orc priest.
The orc priest is severely wounded.
The orc priest miscasts a cantrip.
You closely miss the orc priest.
The orc priest is severely wounded.
The orc priest invokes the aid of Beogh against you.
Beogh smites you!
You die...

#....####.....#
..[...........#
###.###########
#.#........#
#...)......#
#####........#
#............#
#.......####.########
#.......##......@oSo#
######รท###.#.######o#
#.# #.#.. #.# # ###
#.# #.# #.# #.# #..


You could see an orc priest, an adder and 2 orcs.

Vanquished Creatures
  An orc wizard (D:3)
  Jessica (D:3)
  Ijyb (D:3)
  A gnoll (D:3)
  6 adders (D:2)
  An ooze (D:1)
  2 dart slugs (D:1)
  3 worms (D:2)
  7 leopard geckos
  6 orcs (D:3)
  9 giant cockroaches
  6 goblins
  7 hobgoblins
  4 jackals (D:2)
  11 kobolds
  2 quokkas
  2 ball pythons
  11 bats
  A frilled lizard (D:1)
  7 rats
89 creatures vanquished.

Notes
Turn   | Place    | Note
-------+----------+-------------------------------------------
     0 | D:1      | Nixze the Minotaur Fighter began the quest for the Orb.
     0 | D:1      | Reached XP level 1. HP: 19/19 MP: 0/0
   176 | D:1      | Reached skill level 3 in Maces & Flails
   207 | D:1      | Reached XP level 2. HP: 26/26 MP: 1/1
   527 | D:1      | Reached XP level 3. HP: 30/31 MP: 2/2
  1086 | D:2      | Reached skill level 4 in Maces & Flails
  1110 | D:2      | Reached XP level 4. HP: 29/39 MP: 3/3
  1492 | D:2      | Reached skill level 5 in Maces & Flails
  2028 | D:3      | Reached XP level 5. HP: 45/45 MP: 4/4
  2081 | D:3      | Noticed Jessica
  2084 | D:3      | Killed Jessica
  2084 | D:3      | Reached skill level 5 in Shields
  2119 | D:3      | Noticed Ijyb
  2137 | D:3      | Killed Ijyb
  2148 | D:3      | Reached skill level 6 in Maces & Flails
  2278 | D:3      | Killed from afar by an orc priest

Levels and vault maps discovered:
D:1:      lemuel_arrival_lava_pool, layout_loops_ring, minmay_misc_feat_columns,
          chequers_serial_rivers_large_a, nrook_uturn, minmay_crystal_water,
          minmay_quantized
D:2:      layout_loops_ring, first_ration
D:3:      minmay_recursive_quarters, layout_basic, zin_academy, uniq_grinder,
          uniq_ijyb, uniq_jessica

Skill      XL: |  1  2  3  4  5 |
---------------+----------------+-----
Maces & Flails | 3 4 5 6 |  6.3
Shields        | 4 5 |  5.4
Fighting       | |  3.6
Armour         | |  3.6

Action                   |  1- 3 |  4- 6 || total
-------------------------+-------+-------++-------
Melee: Flail             |    97 |   165 ||   262
       Headbutt          |    10 |    25 ||    35
  Eat: Chunk             |       |     5 ||     5
Armor: Scale mail        |     4 |       ||     4
       Chain mail        |    52 |    99 ||   151
Dodge: Dodged            |    30 |    28 ||    58
Block: Kite shield       |    55 |    86 ||   141

Table legend:
 A = Non-vault XP
 B = Vault XP
 C = Vault XP percentage of total XP
 D = Non-vault monster count
 E = Vault monster count
 F = Vault count percentage of total count
                 A         B        C        D         E       F
            +---------+---------+-------+---------+---------+-------
      Total |     258 |     112 |  30.3 |      74 |      15 |  16.9
            +---------+---------+-------+---------+---------+-------
        D:1 |      38 |      11 |  22.4 |      20 |       5 |  20.0
        D:2 |     143 |       0 |   0.0 |      37 |       0 |   0.0
        D:3 |      77 |     101 |  56.7 |      17 |      10 |  37.0
            +---------+---------+-------+---------+---------+-------
